AoeStats
← Sp00ky

Arabia

508938244Analyzed
1v1 RM · 6d ago on Sep 24, 2026· 37m 19s· 2 players
Game mode
Random Map
Map size
Tiny (2 player)
Population
200
Speed
Normal
Resources
Standard
Victory
Conquest
Starting age
Dark Age
Ending age
Imperial Age
RankedLock teamsTeams togetherTeam positionsShared explorationLock speedFull tech treeHidden civsTurbo modeCheats
Victory
Defeat
🇹🇷 Khmer · Türkiye
950
+18
🇦🇷 Hindustanis · Argentina
996
-18
hakanst12
8:49 Loom
15:18 Feudal Age
16:27 Man-at-Arms
17:00 Double-Bit Axe
20:35 Forging
22:16 Scale Mail Armor
26:46 Castle Age
26:07 Stone Mining
26:01 Horse Collar
26:13 Gold Mining
26:54 Fletching
27:05 Padded Archer Armor
28:01 Bodkin Arrow
28:46 Stone Shaft Mining
28:22 Bow Saw
30:15 Gold Shaft Mining
31:04 Heavy Plow
31:09 Pikeman
35:28 Iron Casting
35:09 Chain Mail Armor
36:44 Murder Holes
36:46 Town Watch
Sp00ky
6:13 Loom
7:31 Loom
9:54 Feudal Age
10:07 Man-at-Arms
10:47 Arson
14:58 Horse Collar
18:13 Forging
18:56 Wheelbarrow
21:53 Castle Age
20:13 Gold Mining
20:43 Fletching
20:53 Padded Archer Armor
21:13 Double-Bit Axe
22:55 Bodkin Arrow
23:15 Leather Archer Armor
25:00 Bow Saw
28:17 Stone Mining
29:02 Gold Shaft Mining
30:45 Stone Shaft Mining
32:33 Ballistics
38:57 Imperial Age
37:35 Grand Trunk Road
Connection lost

Rejoining the realm…

Still unreachable

The connection could not be restored.

Session expired

The server has moved on; the page needs a fresh start.